 Dungeon Crawl Stone Soup version 0.29-a0-284-gf9362112df (webtiles) character file.

Game seed: 9660990527536442025

34321 mathmaestro the Grappler (level 13, -6/133 HPs)
             Began as a Troll Monk on Mar 14, 2022.
             Mangled by an orc high priest
             ... wielding a +0 glaive
              (24 damage)
             ... on level 2 of the Orcish Mines.
             The game lasted 00:48:01 (17056 turns).

mathmaestro the Grappler (Troll Monk)              Turns: 17056, Time: 00:48:02

Health: -6/133     AC:  9    Str: 26    XL:     13   Next: 41%
Magic:  10/10      EV: 10    Int:  1    God:
Gold:   691        SH:  0    Dex: 12    Spells: 12/12 levels left

rFire   . . .      SeeInvis +     - Unarmed
rCold   + . .      Faith    .   (no shield)
rNeg    + . .      Spirit   .   I - +0 troll leather armour
rPois   +          Reflect  .   (helmet restricted)
rElec   +          Harm     .   D - +2 cloak {Will+}
rCorr   +          Rampage  +   (gloves unavailable)
Will    ++++.                   (boots unavailable)
Stlth   +.........              F - amulet "Baiselip" {RegenMP Rampage rElec rC+}
HPRegen 1.92/turn               H - ring of the Thirsty Dreams {Contam rN+ Will+++ rCorr Slay+2}
MPRegen 0.52/turn               K - ring of Zuarut {rElec rPois Int-5 Slay+4 SInv}

@: mighty, marked
A: large, unfitting armour, claws 3, regeneration 1, shaggy fur 1, tough skin 1,
low MP 1
a: no special abilities


You were on level 2 of the Orcish Mines.
You visited 4 branches of the dungeon, and saw 16 of its levels.
You also visited: Sewer, Bailey and Ice Cave.

You collected 1561 gold pieces.
You spent 870 gold pieces at shops.

Inventory:

Hand Weapons
 z - a +2 hand axe of venom
Missiles
 c - a curare-tipped dart
 d - 432 stones
 i - 7 throwing nets
 l - 3 boomerangs (quivered)
 m - 17 poisoned darts
 q - 3 large rocks
 s - 2 silver boomerangs
 C - 5 datura-tipped darts
Armour
 A - a +0 tower shield
 D - a +2 cloak of willpower (worn)
 I - a +0 troll leather armour (worn)
Jewellery
 a - a ring of protection from fire
 u - a +4 ring of evasion
 F - the amulet "Baiselip" (around neck) {RegenMP Rampage rElec rC+}
   (You found it in a bailey)

   [amulet of magic regeneration]

   It increases your rate of magic regeneration.
   rC:        It protects you from cold.
   rElec:     It insulates you from electricity.
   Rampage:   It bestows one free step when moving towards enemies.
 H - the ring of the Thirsty Dreams (left claw) {Contam rN+ Will+++ rCorr Slay+2}
   (You found it in an ice cave)

   [ring of positive energy]

   Slay:      It affects your accuracy & damage with ranged weapons and melee
   (+2).
   rN:        It protects you from negative energy.
   Contam:    It causes magical contamination when unequipped.
   rCorr:     It protects you from acid and corrosion.
   Will:      It greatly increases your willpower.
 K - the ring of Zuarut (right claw) {rElec rPois Int-5 Slay+4 SInv}
   (You found it on level 10 of the Dungeon)

   [ring of slaying]

   Int:       It affects your intelligence (-5).
   Slay:      It affects your accuracy & damage with ranged weapons and melee
   (+4).
   rElec:     It insulates you from electricity.
   rPois:     It protects you from poison.
   SInv:      It lets you see invisible.
Wands
 g - a wand of iceblast (3)
 n - a wand of acid (6)
 p - a wand of paralysis (2)
 x - a wand of digging (3)
 L - a wand of polymorph (7)
Scrolls
 t - a scroll of enchant weapon
 w - 3 scrolls of enchant armour
 y - a scroll of identify
 B - a scroll of teleportation
Potions
 b - a potion of heal wounds
 e - 2 potions of flight
 f - 2 potions of invisibility
 h - 5 potions of curing
 j - 2 potions of magic
 k - 4 potions of haste
 o - a potion of berserk rage
 v - 3 potions of resistance
 G - a potion of mutation
 J - 2 potions of lignification
Miscellaneous
 E - a phial of floods (inert)
 M - a condenser vane


   Skills:
 - Level 10.0 Fighting
 - Level 10.0 Throwing
 + Level 2.5 Armour
 + Level 4.1 Dodging
 - Level 1.0 Stealth
 + Level 1.8 Shields
 + Level 12.2 Unarmed Combat
 + Level 8.9 Evocations


You had 12 spell levels left.
You didn't know any spells.
Your spell library contained the following spells:

 Spells                   Type           Power      Damage    Failure   Level
 Beastly Appendage        Tmut           0%         N/A       61%         1
 Foxfire                  Conj/Fire      0%         2x1d4     61%         1
 Magic Dart               Conj           0%         1d3       61%         1
 Call Imp                 Summ           0%         N/A       75%         2
 Sublimation of Blood     Necr           0%         N/A       75%         2
 Wereblood                Tmut           0%         N/A       75%         2
 Conjure Flame            Conj/Fire      0%         6-21      93%         3
 Dazzling Flash           Conj/Hex       0%         N/A       93%         3
 Inner Flame              Hex/Fire       0%         N/A       93%         3
 Mephitic Cloud           Conj/Pois/Air  0%         N/A       93%         3
 Spider Form              Tmut/Pois      0%         N/A       93%         3
 Airstrike                Air            0%         N/A       100%        4
 Flame Wave               Conj/Fire      0%         2d4       100%        4
 Petrify                  Tmut/Erth      0%         N/A       100%        4
 Summon Lightning Spire   Summ/Air       0%         N/A       100%        4
 Agony                    Necr           0%         N/A       100%        5
 Freezing Cloud           Conj/Ice/Air   0%         6-21      100%        5
 Irradiate                Conj/Tmut      0%         3d13      100%        5
 Lightning Bolt           Conj/Air       0%         1d11      100%        5
 Metabolic Englaciation   Hex/Ice        0%         N/A       100%        5
 Silence                  Hex/Air        0%         N/A       100%        5
 Simulacrum               Ice/Necr       0%         N/A       100%        6
 Statue Form              Tmut/Erth      0%         N/A       100%        6
 Polar Vortex             Ice            0%         N/A       100%        9


Dungeon Overview and Level Annotations

Branches:
Dungeon (12/15)            Temple (1/1) D:5            Lair (1/6) D:11
    Orc (2/2) D:9           Sewer (visited)          Bailey (visited)
  IceCv (visited)
    Elf: Orc:2

Altars:
Ashenzari
Cheibriados
Dithmenos
Elyvilon
Fedhas
Gozag
Hepliaklqana
Kikubaaqudgha
Makhleb
Nemelex Xobeh
Okawaru
Qazlal
Ru
Sif Muna
Trog
Uskayaw
Vehumet
Wu Jian
Xom
Yredelemnul
Zin
The Shining One

Shops:
D:1 *[(*   D:2 (   D:8 (   Orc:2 [=


Innate Abilities, Weirdness & Mutations

You are too large for most types of armour.
You have claws for hands.
Your natural rate of healing is unusually fast.
You are covered in fur. (AC +1)
You have tough skin. (AC +1)
Your magical capacity is low. (-10% MP)


Message History

The ynoxinul gestures.
The orc knight barely misses you.
The orc high priest hits you with a +0 scimitar!
The orc high priest utters an invocation to Beogh.
You feel very mighty all of a sudden. The soul eater hits you!
You partially resist.
You feel drained.
The orc knight hits you with a +0 battleaxe!
The orc high priest invokes the aid of Beogh against you.
You resist with almost no effort.
The orc high priest completely misses you.
The hellwing hits you. The hellwing closely misses you.
You mangle the orc high priest!!
You kill the orc high priest!
Your life force feels restored.
Unknown command.
You barely miss the orc high priest.
The orc high priest is moderately wounded.
The ufetubus closely misses you. The ufetubus barely misses you.
The soul eater hits you!
The orc knight hits you with a +0 battleaxe.
The orc high priest misses you. The hellwing barely misses you. x2
Unknown command.
You claw the orc high priest!
The orc high priest is heavily wounded.
The ufetubus barely misses you. The ufetubus hits you.
The soul eater draws from the surrounding life force!
The orc knight hits you with a +0 battleaxe!
The orc high priest hits you with a +0 glaive!
The hellwing hits you.
* * * LOW HITPOINT WARNING * * *
The hellwing hits you.
* * * LOW HITPOINT WARNING * * *
Unknown command.
You closely miss the orc high priest.
The orc high priest is heavily wounded.
The soul eater misses you.
The orc knight hits you with a +0 battleaxe!!
* * * LOW HITPOINT WARNING * * *
The orc high priest hits you with a +0 glaive!!
You die...

######.######
#........)))###
...####.####...##
#.######..##
#.#...###.)#
#.#.....##.#
#.#......#)# ...
#o.4)# ... ##@o##
#33# .....555#
....##..# ..#
..## # .∩## ∩##
## ###### #


You could see an orc knight, a soul eater (summoned), an orc high priest
(strong), a hellwing (summoned), a ynoxinul (summoned) and 3 ufetubi.

Vanquished Creatures
  Harold (D:9)
  A boulder beetle (D:11)
  8 two-headed ogres
  2 orc high priests (Orc:2)
  Lodul (D:11)
  5 orc knights
  Pikel (D:5)
  4 orc sorcerers (Orc:2)
  A necromancer (IceCv)
  A cyclops (Orc:1)
  Maurice (D:11)
  An ice statue (IceCv)
  Psyche (D:11)
  An unseen horror (D:11)
  4 freezing wraiths (IceCv)
  12 ice devils (IceCv)
  An entropy weaver simulacrum (IceCv)
  6 trolls
  A wyvern (D:8)
  2 shadows
  Eustachio (D:6)
  3 wraiths
  A vampire (D:11)
  3 dire elephant simulacra (IceCv)
  23 yaks
  3 steam dragons
  4 vampire mosquitoes (D:11)
  3 death yak simulacra (IceCv)
  3 harpy simulacra (IceCv)
  5 wargs
  An acid dragon (D:10)
  25 orc warriors
  2 sky beasts
  3 black bears
  5 ogres
  4 centaurs
  A phantom (D:5)
  A lemure (D:6)
  4 kobold brigands
  Blork the orc (D:5)
  2 bullfrogs
  4 scorpions
  3 cane toad simulacra (IceCv)
  A necrophage (D:7)
  A two-headed ogre simulacrum (IceCv)
  10 wights
  3 killer bees
  6 elephant simulacra (IceCv)
  2 hounds
  2 gnoll shamans
  3 jellies
  26 orc priests
  3 iguanas
  29 orc wizards
  3 spriggan simulacra
  6 polar bear simulacra (IceCv)
  2 wolf simulacra (IceCv)
  12 gnolls
  5 adders
  A river rat (Sewer)
  A naga simulacrum (IceCv)
  4 white imps
  3 ufetubi
  8 worms
  2 dart slugs
  86 orcs
  11 ball pythons
  8 endoplasms
  13 giant cockroaches
  8 goblins
  13 hobgoblins
  5 quokkas
  8 bats
  5 frilled lizards
  17 kobolds
  12 rats
479 creatures vanquished.

Vanquished Creatures (others)
  7 fungi (D:5)
7 creatures vanquished.

Grand Total: 486 creatures vanquished

Notes
Turn   | Place    | Note
-------+----------+-------------------------------------------
     0 | D:1      | mathmaestro the Troll Monk began the quest for the Orb.
     0 | D:1      | Reached XP level 1. HP: 22/22 MP: 0/0
   161 | D:1      | Found Saitour's Antique Weapon Shop.
   217 | D:1      | Reached XP level 2. HP: 29/29 MP: 1/1
   228 | D:1      | Found Coohesyss's Assorted Antiques.
   328 | D:1      | Found Azoah's Antique Armour Emporium.
   695 | D:1      | Found Caleeppi's Assorted Antiques.
   867 | D:2      | Identified the +9 dagger of Reason {chaos, rElec rN+}
   971 | D:2      | Found Itetreut's Antique Weapon Shoppe.
  1124 | D:2      | Reached XP level 3. HP: 34/36 MP: 2/2
  1400 | D:2      | Found a faded altar of an unknown god.
  1824 | D:2      | Reached XP level 4. HP: 42/45 MP: 3/3
  1843 | D:3      | Reached skill level 1 in Throwing
  1843 | D:3      | Reached skill level 4 in Unarmed Combat
  1968 | D:3      | Reached XP level 5. HP: 37/53 MP: 4/4
  2718 | D:4      | Found a glowing drain.
  2730 | Sewer    | Entered a sewer
  2840 | Sewer    | Reached skill level 1 in Evocations
  2840 | Sewer    | Reached XP level 6. HP: 31/62 MP: 5/5
  3323 | Sewer    | Reached XP level 7. HP: 62/70 MP: 6/6
  3379 | D:4      | Reached skill level 5 in Unarmed Combat
  3493 | D:4      | Found a sacrificial altar of Ru.
  3840 | D:4      | Found a white marble altar of Elyvilon.
  3957 | D:4      | Found a broken altar of Ashenzari.
  4426 | D:5      | Entered Level 5 of the Dungeon
  4873 | D:5      | Reached XP level 8. HP: 76/79 MP: 7/7
  5046 | D:5      | Noticed Blork the orc
  5057 | D:5      | Killed Blork the orc
  5194 | D:5      | Found a staircase to the Ecumenical Temple.
  5204 | Temple   | Entered the Ecumenical Temple
  5513 | D:5      | Reached skill level 5 in Fighting
  5520 | D:5      | Reached skill level 6 in Unarmed Combat
  5803 | D:6      | Noticed Eustachio
  5835 | D:6      | Killed Eustachio
  5929 | D:6      | Noticed a +0 falchion
  5929 | D:6      | Noticed a +0 falchion
  5929 | D:6      | Noticed a +0 dagger
  5930 | D:6      | Noticed a +0 short sword
  5930 | D:6      | Noticed a +0 spear
  5931 | D:6      | Noticed a +0 spear
  5932 | D:6      | Noticed a +0 dagger
  5935 | D:6      | Noticed a +0 short sword
  5948 | D:6      | HP: 2/80 [orc priest/divine providence (9)]
  6160 | D:6      | Identified the +0 leather armour of Starshine {Rampage
                  | rPois rC+ Stlth-}
  6476 | D:6      | Found a hide-covered altar of Uskayaw.
  6807 | D:6      | Reached skill level 5 in Throwing
  6807 | D:6      | Reached XP level 9. HP: 74/88 MP: 8/8
  6972 | D:6      | Reached skill level 7 in Unarmed Combat
  7364 | D:7      | Noticed Pikel
  7515 | D:5      | Killed Pikel
  7638 | D:7      | Found an ornate altar of the Wu Jian Council.
  8687 | D:7      | Reached skill level 8 in Unarmed Combat
  8687 | D:7      | Reached skill level 5 in Evocations
  8687 | D:7      | Reached XP level 10. HP: 81/100 MP: 9/9
  8798 | D:8      | Found a glowing golden altar of the Shining One.
  9048 | D:8      | Found a bloodstained altar of Trog.
  9201 | D:8      | Found Ecruacoo's Weapon Emporium.
  9271 | D:8      | Found a basalt altar of Yredelemnul.
  9273 | D:8      | Noticed a profane servitor
  9438 | D:8      | Noticed an angel
  9471 | D:9      | Found a staircase to the Orcish Mines.
  9893 | D:9      | Noticed Harold
  9904 | D:9      | Killed Harold
  9905 | D:9      | Reached skill level 9 in Unarmed Combat
 10178 | D:9      | Reached XP level 11. HP: 88/110 MP: 10/10
 10641 | D:10     | Entered Level 10 of the Dungeon
 10950 | D:10     | Noticed a two-headed ogre
 10950 | D:10     | Noticed a two-headed ogre
 10989 | D:10     | Noticed a two-headed ogre
 11056 | D:10     | Found a flagged portal.
 11068 | Bailey   | Entered a bailey
 11233 | Bailey   | Noticed an orc knight
 11241 | Bailey   | Killed an orc knight
 11314 | Bailey   | Identified the amulet "Baiselip" {RegenMP Rampage rElec
                  | rC+}
 11346 | Bailey   | Noticed an orc knight
 11361 | Bailey   | Killed an orc knight
 11499 | D:10     | Killed a two-headed ogre
 11635 | D:10     | Killed a two-headed ogre
 11636 | D:10     | Reached skill level 10 in Unarmed Combat
 11900 | D:10     | Killed a two-headed ogre
 12020 | D:10     | Identified the ring of Zuarut {rElec rPois Int-5 Slay+4
                  | SInv}
 12121 | D:11     | Noticed Psyche
 12129 | D:11     | Killed Psyche
 12341 | D:11     | You fall into a shaft and drop 1 floor!
 12725 | D:1      | Bought a scroll labelled QOAVUN VUUNIS for 24 gold pieces
 12725 | D:1      | Bought a scroll labelled TAORAE EGHIGA for 24 gold pieces
 12725 | D:1      | Bought a potion of curing for 72 gold pieces
 12725 | D:1      | Bought a scroll of teleportation for 72 gold pieces
 12846 | D:1      | Bought a polished hand axe for 208 gold pieces
 12846 | D:1      | Identified the +6 hand axe of Cowardice {freeze, rF- Will+
                  | Int+2 SInv} (You bought it in a shop on level 1 of the
                  | Dungeon)
 12876 | D:1      | Bought a scroll of teleportation for 66 gold pieces
 12876 | D:1      | Bought a scroll of blinking for 165 gold pieces
 12876 | D:1      | Bought a sapphire potion for 19 gold pieces
 12878 | D:1      | Gained mutation: Armour fits poorly on your strangely
                  | shaped body. [potion of mutation]
 12878 | D:1      | Gained mutation: You are occasionally teleported next to
                  | monsters. [potion of mutation]
 12878 | D:1      | Gained mutation: You are robust. (+10% HP) [potion of
                  | mutation]
 12879 | D:1      | Lost mutation: You are robust. (+10% HP) [potion of
                  | mutation]
 12879 | D:1      | Lost mutation: Armour fits poorly on your strangely shaped
                  | body. [potion of mutation]
 12879 | D:1      | Lost mutation: You are occasionally teleported next to
                  | monsters. [potion of mutation]
 12879 | D:1      | Gained mutation: Your magical capacity is low. (-10% MP)
                  | [potion of mutation]
 13322 | D:11     | Found a staircase to the Lair.
 13348 | D:11     | Noticed a two-headed ogre
 13348 | D:11     | Noticed a two-headed ogre
 13369 | D:11     | Killed a two-headed ogre
 13371 | D:11     | Noticed Lodul
 13378 | D:11     | Noticed a two-headed ogre
 13380 | D:11     | Noticed a two-headed ogre
 13381 | D:11     | Killed Lodul
 13382 | D:11     | Reached XP level 12. HP: 95/122 MP: 9/9
 13385 | D:11     | Noticed a two-headed ogre
 13386 | D:11     | HP: 4/122 [two-headed ogre/+0 giant club (17)]
 13577 | D:11     | Noticed a two-headed ogre
 13588 | D:11     | Killed a two-headed ogre
 13665 | D:11     | Noticed a two-headed ogre
 13694 | D:10     | Killed a two-headed ogre
 13785 | D:10     | Killed a two-headed ogre
 14031 | D:11     | Noticed Maurice
 14040 | D:11     | Killed Maurice
 14059 | D:11     | Killed a two-headed ogre
 14060 | D:11     | Reached skill level 11 in Unarmed Combat
 14097 | D:11     | Noticed a boulder beetle
 14105 | D:11     | Killed a boulder beetle
 14221 | Lair:1   | Entered Level 1 of the Lair of Beasts
 14463 | D:2      | Bought a crystal falchion for 176 gold pieces
 14463 | D:2      | Identified the +10 falchion of Kology {freeze, *Slow rElec
                  | rN+ Str+3} (You bought it in a shop on level 2 of the
                  | Dungeon)
 14483 | D:1      | Bought a scroll of identify for 44 gold pieces
 14652 | Orc:1    | Entered Level 1 of the Orcish Mines
 15145 | Orc:2    | Entered Level 2 of the Orcish Mines
 15313 | Orc:2    | Found a frozen archway.
 15343 | IceCv    | Entered an ice cave
 15496 | IceCv    | Reached skill level 10 in Throwing
 15700 | IceCv    | Found an ancient bone altar of Kikubaaqudgha.
 15944 | IceCv    | Reached skill level 10 in Fighting
 15944 | IceCv    | Reached XP level 13. HP: 106/133 MP: 10/10
 16385 | IceCv    | Reached skill level 1 in Armour
 16397 | IceCv    | Reached skill level 12 in Unarmed Combat
 16424 | IceCv    | Identified the ring of the Thirsty Dreams {Contam rN+
                  | Will+++ rCorr Slay+2}
 16868 | Orc:2    | Reached skill level 1 in Shields
 16930 | Orc:2    | Found Vanajext's Jewellery Emporium.
 16962 | Orc:2    | Found Kaqe's Antique Armour Boutique.
 17056 | Orc:2    | Mangled by an orc high priest

Illustrated notes

Levels and vault maps discovered:
D:1:      psy_arrival_conway, layout_basic, serial_shops,
          nicolae_shop_behind_doors, nicolae_shop_window_shopping, shop,
          nicolae_shop_trees
D:2:      minmay_skewed_foursquare, layout_loops_cross, serial_shops,
          nicolae_shop_waterfront, chequers_ecumenical_altar_island
D:3:      layout_basic
D:4:      layout_layer_cave, nicolae_ru_great_annihilating_truth,
          mainiacjoe_overflow_large_starburst, gup_sewer_entry_pipe,
          minmay_close_crescents
D:5:      layout_loops_corners, minmay_temple_entry_nine_rooms, serial_aquarium,
          aquarium_bridge_island_small [aquarium_subvault_small_water,
          aquarium_subvault_wall, aquarium_subvault_bridge,
          aquarium_subvault_bridge, aquarium_subvault_wall],
          aquarium_window_fake, aquarium_window_2, aquarium_window_1,
          aquarium_view_2g, aquarium_view_2d, aquarium_pool_double,
          uniq_blork_the_orc
D:6:      layout_rooms, nicolae_uskayaw_en_pointe, uniq_eustachio
D:7:      layout_layer_cave, old_standard_altar, corexii_leaking_fountain,
          uniq_pikel
D:8:      layout_cave_pools, grunt_temple_overflow_holy_war, trog_hazing_becter,
          serial_shops, nicolae_inconvenience_store,
          minmay_misc_feat_more_columns
D:9:      layout_long_grid, erik_orc_4, uniq_harold
D:10:     minmay_recursive_quarters, layout_basic, enter_bailey_2, minivault_21
D:11:     layout_rooms, lair_entry_dummy, nzn_sisyphean_effort, uniq_maurice,
          uniq_lodul, uniq_psyche
D:12:     layout_roguey, nicolae_wwwww, dreamdust_princess_corridor
Temple:   eino_temple_water
Lair:1:   layout_roguey, grunt_megastairs_4
Orc:1:    layout_caves
Orc:2:    st_orc_elflike, layout_diamond_mine,
          portal_ice_cave_entry_ice_simulacra, chequers_guarded_unrand_ignorance

Skill      XL: |  1  2  3  4  5  6  7  8  9 10 11 12 13 |
---------------+----------------------------------------+-----
Fighting       | 3 4 5 6 7 8 10 | 10.0
Dodging        | 3 4 |  4.1
Throwing       | 1 2 3 5 6 7 9 10 | 10.0
Unarmed Combat | 4 5 6 8 9 10 11 12 | 12.2
Evocations     | 1 2 3 5 6 7 8 |  8.9
Armour         | 2 |  2.5
Shields        | 1 |  1.8
Stealth        | |  1.0

Action                   |  1- 3 |  4- 6 |  7- 9 | 10-12 | 13-15 || total
-------------------------+-------+-------+-------+-------+-------++-------
Melee: Unarmed           |   121 |   164 |   365 |   666 |   142 ||  1458
       Punch             |     3 |     2 |    10 |    40 |    12 ||    67
Throw: Boomerang         |       |       |    17 |    88 |    13 ||   118
Evoke: Wand              |       |       |     3 |    16 |     4 ||    23
       Phial of floods   |       |       |       |       |     1 ||     1
  Use: Scroll            |       |     4 |    14 |    13 |     1 ||    32
       Potion            |       |       |     6 |     5 |     1 ||    12
 Stab: Sleeping          |     5 |     1 |     2 |       |       ||     8
       Paralysed         |       |       |     2 |     2 |     7 ||    11
       Distracted        |       |       |     1 |     1 |       ||     2
Armor: Robe              |    44 |    38 |   130 |       |       ||   212
       Steam dragon scal |       |       |       |    87 |       ||    87
       Acid dragon scale |       |       |       |   108 |    22 ||   130
       Troll leather arm |       |       |       |       |     7 ||     7
Dodge: Dodged            |    62 |    65 |   322 |   513 |    73 ||  1035

Table legend: (Time is in decaauts)
 A = Elapsed time spent in this place.
 B = Non-inter-level travel time spent in this place.
 C = Inter-level travel time spent in this place.
 D = Time resting spent in this place.
 E = Time spent auto-exploring this place.
 F = Levels seen in this place.
 G = Mean time per level.
                   A        B        C        D        E       F      G
               +--------+--------+--------+--------+--------+-----+--------+
         Total |  17092 |  15700 |   1392 |   2620 |   8579 |  19 |  899.6 |
       Dungeon |  13384 |  12015 |   1369 |   1966 |   6869 |  12 | 1115.3 |
        Temple |    224 |    210 |     14 |      0 |    199 |   1 |  224.0 |
          Lair |     10 |     10 |      0 |      0 |      0 |   1 |   10.0 |
  Orcish Mines |   1130 |   1122 |      8 |    147 |    590 |   2 |  565.0 |
         Sewer |    768 |    768 |      0 |     29 |    503 |   1 |  768.0 |
        Bailey |    421 |    421 |      0 |     84 |    131 |   1 |  421.0 |
      Ice Cave |   1151 |   1151 |      0 |    394 |    287 |   1 | 1151.0 |
               +--------+--------+--------+--------+--------+-----+--------+

Top non-repeatable levels by time:
    D:10: 1755 daAuts
     D:5: 1538 daAuts
     D:4: 1471 daAuts
     D:7: 1396 daAuts
     D:8: 1244 daAuts
     D:6: 1229 daAuts
   IceCv: 1151 daAuts
     D:1: 1134 daAuts
     D:9: 1089 daAuts
     D:2: 1035 daAuts
     D:3: 784 daAuts
   Sewer: 768 daAuts
   Orc:2: 707 daAuts
    D:11: 677 daAuts
   Orc:1: 423 daAuts
